[Event "Titled Tuesday Blitz July 18 Late 2023"]
[White "Sarkar, Justin"]
[Black "kripri"]
[WhiteFideId "2010011"]
[WhiteElo "2242"]
[BlackElo "2307"]
[Result "0-1"]
[Round "9"]
[TimeControl "180+2"]
[Date "2023.07.18"]
[WhiteClock "0:00:00"]
[BlackClock "0:00:07"]
[Board "106"]

1. e4 e6 2. d4 d5 3. Nc3 Bb4 4. Ne2 dxe4 5. a3 Bxc3+ 6. Nxc3 Nf6 7. Bg5 h6 8. Bh4 g5 9. Bg3 Nc6 10. h4 Rg8 11. hxg5 hxg5 12. Bb5 Bd7 13. d5 Ne7 14. dxe6 fxe6 15. Bc4 Nf5 16. Be5 Qe7 17. Nb5 Bxb5 18. Bxb5+ c6 19. Bc4 Nd5 20. Qh5+ Kd7 21. O-O-O Rad8 22. Qe2 Nd6 23. Bb3 Kc8 24. c4 Nf4 25. Qg4 Nf7 26. Bxf4 gxf4 27. Qxf4 Nd6 28. c5 Nf5 29. Kb1 Rge8 30. Qxe4 Kb8 31. Rc1 Qd7 32. Qe5+ Qc7 33. Rhe1 Qxe5 34. Rxe5 Nd4 0-1


[Site "https://www.chess.com"]

[Event "Titled Tuesday Blitz July 18 Late 2023"]
[White "Cruz, William Ferreira Da"]
[Black "UgarteCesar"]
[WhiteFideId "2118050"]
[WhiteElo "2305"]
[BlackElo "2244"]
[Result "1/2-1/2"]
[Round "9"]
[TimeControl "180+2"]
[Date "2023.07.18"]
[WhiteClock "0:00:03"]
[BlackClock "0:00:10"]
[Board "107"]

1. d4 d5 2. c4 e6 3. Nc3 h6 4. cxd5 exd5 5. Bf4 Bd6 6. Nxd5 Nc6 7. e3 Be6 8. Bxd6 Bxd5 9. Ba3 Qg5 10. Nf3 Qh5 11. Be2 g5 12. Ne5 Qh4 13. Bf3 O-O-O 14. Nxc6 bxc6 15. g3 Bxf3 16. Qxf3 Qh3 17. Qxc6 Qf5 18. Rc1 Qa5+ 19. b4 Qb6 20. Qxb6 axb6 21. Bb2 Ne7 22. a4 Rhe8 23. O-O Nd5 24. Bc3 Kb7 25. Bd2 Ra8 26. a5 f5 27. Kg2 g4 28. h3 h5 29. hxg4 hxg4 30. Rh1 Rh8 31. Rxh8 Rxh8 32. Rh1 Rxh1 33. Kxh1 bxa5 34. bxa5 Ka6 35. Kg2 Ne7 36. f3 Nc6 37. fxg4 fxg4 38. Kf2 Kb5 39. Ke2 Kc4 40. a6 Na7 41. Be1 c5 42. dxc5 Kxc5 43. e4 Kb5 44. Ke3 Kxa6 45. Kf4 Kb5 46. Kxg4 Kc4 47. Kf5 Nc6 48. e5 Kd5 49. Bc3 Ne7+ 50. Kf6 Ng8+ 51. Kf7 Nh6+ 52. Kg6 Ng4 53. Kf5 Ne3+ 54. Kf6 Ng4+ 55. Kf7 Ne3 56. Ba1 Ng4 57. Kg6 Ne3 58. Kh5 Ke6 59. g4 Nd5 60. g5 Nf4+ 61. Kh6 Kf5 62. Bb2 Ng6 63. e6 Ne7 64. Bf6 Ng8+ 65. Kh7 Nxf6+ 66. gxf6 Kxf6 67. Kg8 Kxe6 1/2-1/2


[Site "https://www.chess.com"]

[Event "Titled Tuesday Blitz July 18 Late 2023"]
[White "Curtis, John"]
[Black "Vaglio Munoz, Jaime"]
[WhiteFideId "3200256"]
[BlackFideId "6500145"]
[WhiteElo "2057"]
[BlackElo "2275"]
[Result "1-0"]
[Round "9"]
[TimeControl "180+2"]
[Date "2023.07.18"]
[WhiteClock "0:00:10"]
[BlackClock "0:00:26"]
[Board "108"]

1. d4 c6 2. e4 b5 3. Bd3 a6 4. Nf3 d5 5. exd5 cxd5 6. O-O Bg4 7. Nbd2 e6 8. Re1 Nf6 9. Nf1 Be7 10. Bg5 O-O 11. a3 Nc6 12. c3 Na5 13. h3 Bh5 14. Ng3 Bg6 15. Bxf6 Bxf6 16. Bxg6 hxg6 17. Re2 Rc8 18. a4 Qb6 19. axb5 axb5 20. h4 b4 21. Qa4 Nc6 22. h5 g5 23. Qa6 Qxa6 24. Rxa6 bxc3 25. bxc3 Nb8 26. Ra3 Nd7 27. Nh2 Nb6 28. Ng4 Nc4 29. Ra4 Be7 30. h6 f5 31. hxg7 Kxg7 32. Ra7 Rf7 33. Rxe6 Bd8 34. Nxf5+ Kf8 35. Rxf7+ Kxf7 36. Rh6 Ra8 37. g3 Ba5 38. Nge3 Nxe3 39. Nxe3 Bxc3 40. Nxd5 Bxd4 41. Ne3 Ra2 42. Ng4 Bg7 43. Rc6 Ra4 44. Ne3 Bd4 45. Rc7+ Ke6 46. Ng4 Bb6 47. Rc6+ Kf5 48. Nh6+ Ke4 49. Rxb6 Kf3 50. Rf6+ Ke2 51. Kg2 Ra2 52. Nf7 g4 53. Nh6 Ke1 54. Rf4 Ra6 55. Nxg4 Ke2 56. Re4+ Kd3 57. Re3+ Kd4 58. Kf3 Ra8 59. Ne5 Rf8+ 60. Ke2 Ra8 61. f4 Ra2+ 62. Kf3 Ra1 63. Re4+ Kd5 64. Re3 Rf1+ 65. Kg4 Ke6 66. Nf3+ Kf6 67. Nh2 Ra1 68. Nf3 Ra8 69. Re4 Rg8+ 70. Ng5 Ra8 71. Re6+ Kg7 72. f5 Ra4+ 73. Kh5 Ra5 74. f6+ Kf8 75. Kg6 Ra8 76. Nh7+ Kg8 77. f7+ Kh8 78. Re8+ Rxe8 79. fxe8=Q# 1-0


[Site "https://www.chess.com"]

[Event "Titled Tuesday Blitz July 18 Late 2023"]
[White "Carrasco Miranda, Andres"]
[Black "Vanek, Tomas"]
[WhiteFideId "3405990"]
[BlackFideId "313459"]
[WhiteElo "2410"]
[BlackElo "2169"]
[Result "1-0"]
[Round "9"]
[TimeControl "180+2"]
[Date "2023.07.18"]
[WhiteClock "0:00:51"]
[BlackClock "0:00:00"]
[Board "109"]

1. d4 f5 2. Nf3 Nf6 3. g3 g6 4. Bg2 Bg7 5. O-O O-O 6. b3 d6 7. Bb2 Qe8 8. Nbd2 Nc6 9. Re1 Ne4 10. Nxe4 fxe4 11. Nd2 Nxd4 12. Nxe4 Nxe2+ 13. Qxe2 Bxb2 14. Rad1 Bg7 15. c4 e5 16. Nc3 Rb8 17. Nb5 Qf7 18. Nxa7 c6 19. Nxc8 Rbxc8 20. Rxd6 Kh8 21. Red1 Rce8 22. Be4 Bh6 23. Rd7 Re7 24. Rxe7 Qxe7 25. Qg4 Qc5 26. Rf1 Qd4 27. Qe2 Qc3 28. Kg2 Rd8 29. Rd1 Rd4 30. Qf3 Kg7 31. h4 Qxf3+ 32. Bxf3 Rxd1 33. Bxd1 Kf6 34. Bc2 1-0


[Site "https://www.chess.com"]

[Event "Titled Tuesday Blitz July 18 Late 2023"]
[White "Broca Jimenez, Fernando"]
[Black "SoyuzTM4"]
[WhiteFideId "5104742"]
[WhiteElo "2261"]
[BlackElo "2203"]
[Result "1-0"]
[Round "9"]
[TimeControl "180+2"]
[Date "2023.07.18"]
[WhiteClock "0:00:16"]
[BlackClock "0:00:00"]
[Board "110"]

1. e4 c5 2. c3 e6 3. d4 cxd4 4. cxd4 d6 5. Nf3 Nf6 6. Bd3 Nc6 7. O-O Be7 8. Nc3 e5 9. d5 Nb8 10. Qe2 O-O 11. h3 Nbd7 12. Be3 a6 13. Rac1 b5 14. Nd2 Bb7 15. Nb3 Rc8 16. f3 Kh8 17. Qd2 Nh5 18. Ne2 f5 19. Na5 Ba8 20. Rxc8 Qxc8 21. Rc1 Qe8 22. Bg5 fxe4 23. Bxe4 Ndf6 24. Nc6 Nxe4 25. fxe4 Bxg5 26. Qxg5 Nf4 27. Nxf4 exf4 28. Na7 Qxe4 29. Rc7 Rg8 30. Nc6 Qe3+ 31. Kh2 h6 32. Qg4 Qg3+ 33. Qxg3 fxg3+ 34. Kxg3 Re8 35. Rd7 Re3+ 36. Kg4 Bxc6 37. dxc6 Re5 38. c7 1-0


[Site "https://www.chess.com"]

[Event "Titled Tuesday Blitz July 18 Late 2023"]
[White "rikchessmx"]
[Black "Novikova, Margarita"]
[BlackFideId "14109689"]
[WhiteElo "2253"]
[BlackElo "2193"]
[Result "1-0"]
[Round "9"]
[TimeControl "180+2"]
[Date "2023.07.18"]
[WhiteClock "0:00:32"]
[BlackClock "0:00:00"]
[Board "111"]

1. e4 d5 2. exd5 Qxd5 3. Nc3 Qd6 4. Nf3 Nf6 5. Bc4 c6 6. d3 Bg4 7. Bg5 e6 8. h3 Bh5 9. g4 Bg6 10. Bh4 Nbd7 11. Bg3 Qb4 12. Bb3 Nd5 13. Qd2 Nxc3 14. bxc3 Qa5 15. O-O O-O-O 16. a4 Nc5 17. d4 Ne4 18. Qe3 Qxc3 19. Bh4 Qxe3 20. fxe3 Re8 21. Ne5 f6 22. Nc4 Nd6 23. Na5 e5 24. Rab1 Kc7 25. Bg3 Ne4 26. Be1 b6 27. Nc4 exd4 28. exd4 h5 29. Kg2 hxg4 30. hxg4 Bf7 31. Nd2 Bxb3 32. Nxb3 Bd6 33. Rh1 Rxh1 34. Kxh1 Rh8+ 35. Kg2 Rh2+ 36. Kf3 Ng5+ 37. Ke3 Rxc2 38. a5 Rh2 39. d5 Rh3+ 40. Kd4 Be5+ 41. Kc4 cxd5+ 42. Kxd5 Rd3+ 43. Kc4 Rd6 44. axb6+ axb6 45. Kb5 Rd5+ 46. Ka6 Ne6 47. Bf2 Rd8 48. Bxb6+ Kc6 49. Rc1+ Kd7 50. Rd1+ Ke8 51. Bxd8 Nxd8 52. Nc5 Nc6 53. Kb6 Nd4 54. Ne4 Kf7 55. Kc5 Ne6+ 56. Kc6 Kg6 57. Kd7 Nf4 58. Ke7 Ne2 59. Rh1 Nd4 60. Rh8 Nc6+ 61. Kf8 f5 62. gxf5+ Kxf5 63. Nc5 g5 64. Rh1 Nd4 65. Rf1+ Kg4 66. Nd7 Bf4 67. Rd1 Ne6+ 68. Ke7 Nc5 69. Nf6+ Kf5 70. Rd5+ Kg6 71. Rxc5 1-0


[Site "https://www.chess.com"]

[Event "Titled Tuesday Blitz July 18 Late 2023"]
[White "Chemin, Justo Reinaldo"]
[Black "Mangialardo, Tiago Carvalho"]
[WhiteFideId "2101580"]
[BlackFideId "2130718"]
[WhiteElo "2250"]
[BlackElo "2142"]
[Result "0-1"]
[Round "9"]
[TimeControl "180+2"]
[Date "2023.07.18"]
[WhiteClock "0:00:16"]
[BlackClock "0:00:06"]
[Board "112"]

1. d4 Nf6 2. Bg5 g6 3. Nd2 c5 4. Bxf6 exf6 5. d5 d6 6. a4 Bg7 7. e4 f5 8. Bb5+ Nd7 9. exf5 Bxb2 10. Rb1 Qe7+ 11. Qe2 Bg7 12. fxg6 hxg6 13. Qxe7+ Kxe7 14. Ngf3 a6 15. Bd3 Ne5 16. Nxe5 Bxe5 17. h3 Ra7 18. Nc4 Bc3+ 19. Ke2 Bd7 20. a5 Re8 21. Kf3 Bb5 22. Rb3 Bxc4 23. Bxc4 Bxa5 24. Ra1 Bd2 25. Rd1 Bg5 26. Re1+ Kd8 27. Reb1 b5 28. Be2 c4 29. R3b2 Rae7 30. Bf1 Bf6 31. Ra2 Re1 32. Rxe1 Rxe1 33. Be2 Rc1 34. Rxa6 Rxc2 35. Rxd6+ Ke7 36. Rb6 Rb2 37. Bxc4 bxc4 38. Rc6 c3 39. Rc7+ Kd6 40. Rxf7 Ke5 41. d6 c2 42. Rc7 Kxd6 43. Rc4 Be5 44. Ke4 Bf6 45. f4 Ra2 46. g4 Bd8 47. f5 gxf5+ 48. Kxf5 Ba5 49. g5 Kd5 50. Rc8 Bd2 51. Rd8+ Kc6 52. Rxd2 c1=Q 53. Rf2 Rxf2+ 54. Kg6 Qf4 55. h4 Qf5+ 56. Kh6 Qf8+ 57. Kh5 Qh8+ 58. Kg4 Rh2 59. g6 Rxh4+ 60. Kf5 Qh6 61. Kf6 Rg4 62. Ke6 Qxg6+ 63. Ke7 Re4+ 64. Kf8 Qf6+ 65. Kg8 Rg4+ 66. Kh7 Qh4# 0-1


[Site "https://www.chess.com"]

[Event "Titled Tuesday Blitz July 18 Late 2023"]
[White "Ricaurte Lopez, Juan Carlos"]
[Black "De Souza, Cristiano Gomes"]
[WhiteFideId "3600327"]
[BlackFideId "2151758"]
[WhiteElo "2136"]
[BlackElo "2240"]
[Result "1-0"]
[Round "9"]
[TimeControl "180+2"]
[Date "2023.07.18"]
[WhiteClock "0:02:17"]
[BlackClock "0:02:33"]
[Board "113"]

1. e3 Nf6 2. f4 g6 3. b3 Bg7 4. Bb2 O-O 5. Nf3 d6 6. Be2 c5 7. O-O Nc6 8. Kh1 h5 9. a3 b6 10. Ng5 Bb7 11. Bf3 Na5 12. Bxb7 Nxb7 13. Qf3 Qd7 14. Nc3 Nh7 15. Nxh7 Kh8 16. Ng5 1-0


[Site "https://www.chess.com"]

[Event "Titled Tuesday Blitz July 18 Late 2023"]
[White "Feliz Dotel, Dewar Bienvenido"]
[Black "Schachpanda_Youtube"]
[WhiteFideId "6402801"]
[WhiteElo "2085"]
[BlackElo "2217"]
[Result "0-1"]
[Round "9"]
[TimeControl "180+2"]
[Date "2023.07.18"]
[WhiteClock "0:00:00"]
[BlackClock "0:00:21"]
[Board "114"]

1. d4 d5 2. e3 Nf6 3. Nf3 Bf5 4. Bd3 Bxd3 5. Qxd3 c6 6. c4 e6 7. Nbd2 Nbd7 8. O-O Be7 9. Rb1 a5 10. b3 O-O 11. a3 Re8 12. b4 axb4 13. axb4 Bf8 14. b5 c5 15. cxd5 Nxd5 16. Bb2 cxd4 17. Bxd4 e5 18. Bb2 Nc5 19. Qc4 e4 20. Nd4 Rc8 21. Nf5 Nd3 22. Qd4 Nxb2 23. Rxb2 g6 24. Nxe4 gxf5 25. Ng3 Bg7 26. Qd2 Bxb2 27. Qxb2 Qf6 28. Qb1 Nc3 29. Qb3 Ne4 30. Rd1 Red8 31. Nh5 Rxd1+ 32. Qxd1 Qd6 33. Qa1 Nc3 34. h3 Qd1+ 35. Qxd1 Nxd1 36. Kf1 Nc3 37. Ke1 Nxb5 38. Kd2 Nd6 39. Kd3 b5 40. Nf6+ Kg7 41. Nd5 Ne4 42. f3 Rd8 43. fxe4 fxe4+ 44. Kxe4 Rb8 45. Nb4 Kf6 46. g4 Ke6 47. h4 h6 48. g5 hxg5 49. hxg5 Rg8 50. Kf4 Kd6 51. Kf5 Kc5 0-1


[Site "https://www.chess.com"]

[Event "Titled Tuesday Blitz July 18 Late 2023"]
[White "Piekarski, Atila Balzer"]
[Black "De Arruda, Leandro Formes"]
[WhiteFideId "2119552"]
[BlackFideId "22722009"]
[WhiteElo "2058"]
[BlackElo "2212"]
[Result "0-1"]
[Round "9"]
[TimeControl "180+2"]
[Date "2023.07.18"]
[WhiteClock "0:01:02"]
[BlackClock "0:00:32"]
[Board "115"]

1. d4 d5 2. c4 e6 3. Nc3 Nf6 4. Bg5 Be7 5. e3 O-O 6. cxd5 exd5 7. Qc2 c6 8. Bd3 h6 9. Bxf6 Bxf6 10. Nf3 Re8 11. O-O Nd7 12. Rab1 Nf8 13. b4 a6 14. a4 Bd7 15. b5 axb5 16. axb5 Ne6 17. Rfc1 Ng5 18. Nxg5 Bxg5 19. Na4 cxb5 20. Nc5 Bc6 21. Bxb5 Qf6 22. Bxc6 bxc6 23. Nd3 Rac8 24. Rb6 Qe7 25. Ne5 c5 26. Nc6 Rxc6 27. Rxc6 c4 28. Qf5 Bxe3 29. Re1 Bxf2+ 30. Qxf2 Qxe1+ 31. Qxe1 Rxe1+ 32. Kf2 Rd1 33. Ke3 Rd3+ 34. Ke2 Rxd4 0-1


[Site "https://www.chess.com"]

[Event "Titled Tuesday Blitz July 18 Late 2023"]
[White "Floresvillar Gonzalez, Luis Migu"]
[Black "Melikhov, Evgeny V."]
[WhiteFideId "5100542"]
[BlackFideId "4122046"]
[WhiteElo "2083"]
[BlackElo "2361"]
[Result "0-1"]
[Round "9"]
[TimeControl "180+2"]
[Date "2023.07.18"]
[WhiteClock "0:00:41"]
[BlackClock "0:00:58"]
[Board "116"]

1. e4 c5 2. d4 cxd4 3. c3 d3 4. Bxd3 Nc6 5. Bf4 d6 6. Nf3 Nf6 7. h3 e6 8. Nbd2 Be7 9. Qe2 O-O 10. O-O Qc7 11. Rad1 a6 12. Nc4 b5 13. Nxd6 Bxd6 14. e5 Nxe5 15. Bxe5 Bxe5 16. Qxe5 Qxe5 17. Nxe5 Bb7 18. f3 Rfd8 19. Kf2 Kf8 20. Ng4 Nd5 21. Be4 f5 22. Bxd5 Bxd5 23. Ne5 Bxa2 24. Rxd8+ Rxd8 25. Ra1 Rd2+ 26. Ke3 Rxb2 27. g4 a5 28. Nd3 Rh2 29. Nc5 Ke7 30. Nb7 a4 31. Nc5 Bd5 32. gxf5 Rxh3 33. fxe6 Rxf3+ 34. Kd4 Bxe6 35. Re1 Rf6 36. Re5 a3 37. Ne4 a2 38. Nxf6 a1=Q 39. Nd5+ Kf7 40. Nb4 Qd1+ 41. Nd3 Bc4 42. Re3 h5 43. Ke4 Bxd3+ 44. Rxd3 Qxd3+ 45. Kxd3 Ke6 0-1


[Site "https://www.chess.com"]

[Event "Titled Tuesday Blitz July 18 Late 2023"]
[White "Navyblue1"]
[Black "Tqebuchava, Zurab"]
[BlackFideId "13601113"]
[WhiteElo "1858"]
[BlackElo "2113"]
[Result "1-0"]
[Round "9"]
[TimeControl "180+2"]
[Date "2023.07.18"]
[WhiteClock "0:00:05"]
[BlackClock "0:00:00"]
[Board "117"]

1. d4 d6 2. e4 Nf6 3. Bd3 Nbd7 4. c4 e5 5. d5 g6 6. Nc3 Bg7 7. h3 O-O 8. Nf3 Nc5 9. O-O Nxd3 10. Qxd3 Nh5 11. b4 a5 12. bxa5 Rxa5 13. Bd2 Nf4 14. Qc2 b6 15. Rae1 Ba6 16. Nb5 Rxb5 17. cxb5 Bxb5 18. Bxf4 exf4 19. Rc1 Bxf1 20. Kxf1 Qe7 21. Qxc7 Qxe4 22. Qxd6 Bb2 23. Re1 Qc4+ 24. Kg1 Qxa2 25. Qxb6 Bc3 26. Rd1 Qa4 27. Rf1 h6 28. Qc6 Qxc6 29. dxc6 Rc8 30. Rc1 Rxc6 31. Rc2 Rc7 32. Kf1 Be5 33. Rxc7 Bxc7 34. Ke2 Kg7 35. h4 Kf6 36. Kd3 Bb6 37. Ke4 g5 38. hxg5+ hxg5 39. Ne5 Bc7 40. Ng4+ Kg6 41. Ne5+ Bxe5 42. Kxe5 Kh5 43. Kf5 Kh4 44. Kf6 g4 45. Kxf7 f3 46. g3+ Kh3 47. Kf6 Kg2 48. Kg5 Kxf2 49. Kxg4 Ke2 50. Kg5 f2 51. Kh6 f1=Q 52. g4 Qg2 53. g5 Kf3 54. g6 Qh3+ 55. Kg7 Kf4 56. Kf8 Qh8+ 57. Kf7 Kg5 58. g7 Qh7 59. Kf8 Qf5+ 60. Ke8 1-0


[Site "https://www.chess.com"]

[Event "Titled Tuesday Blitz July 18 Late 2023"]
[White "Burke, Paul"]
[Black "Campos, Maria Jose"]
[WhiteFideId "2605767"]
[BlackFideId "146803"]
[WhiteElo "1981"]
[BlackElo "2369"]
[Result "0-1"]
[Round "9"]
[TimeControl "180+2"]
[Date "2023.07.18"]
[WhiteClock "0:00:00"]
[BlackClock "0:00:12"]
[Board "118"]

1. e4 e5 2. Nf3 Nc6 3. Bc4 Nf6 4. d4 exd4 5. O-O Nxe4 6. Re1 d5 7. Bxd5 Qxd5 8. Nc3 Qd7 9. Nxe4 Be7 10. Nfg5 h6 11. Nf3 O-O 12. Bf4 f5 13. Ng3 Bd6 14. Bxd6 Qxd6 15. Qd2 Be6 16. Rad1 Rad8 17. b3 Bc8 18. Qd3 Qf6 19. Qc4+ Kh8 20. a4 f4 21. Ne4 Qg6 22. Nc5 Bg4 23. Nh4 Qh5 24. f3 Bc8 25. g3 fxg3 26. hxg3 Ne5 27. Qe2 Nxf3+ 28. Nxf3 Qxc5 29. Ne5 Bf5 30. Qh5 d3+ 31. Kg2 dxc2 32. Ng6+ Kg8 33. Rxd8 Be4+ 0-1


[Site "https://www.chess.com"]

[Event "Titled Tuesday Blitz July 18 Late 2023"]
[White "Awoki, Daniel Teidi"]
[Black "Lutz, Igor Oscar"]
[WhiteFideId "2100827"]
[BlackFideId "2110806"]
[WhiteElo "2310"]
[BlackElo "1934"]
[Result "0-1"]
[Round "9"]
[TimeControl "180+2"]
[Date "2023.07.18"]
[WhiteClock "0:00:00"]
[BlackClock "0:00:15"]
[Board "119"]

1. d4 d5 2. Nf3 Nf6 3. g3 c5 4. Bg2 cxd4 5. O-O Nc6 6. Nxd4 e5 7. Nxc6 bxc6 8. c4 Be6 9. Qc2 Rc8 10. Rd1 d4 11. e3 c5 12. Qa4+ Qd7 13. Qxd7+ Nxd7 14. b3 Be7 15. Na3 O-O 16. Nc2 a5 17. Ne1 f5 18. e4 fxe4 19. Bxe4 Nf6 20. Bg2 h6 21. Nf3 Bg4 22. Re1 e4 23. Ne5 Bf5 24. Bd2 Bd6 25. f4 e3 26. Bxa5 Bxe5 27. fxe5 Ne4 28. Bxe4 Bxe4 29. Rf1 Rfe8 30. Rfe1 Rxe5 31. Bb6 Rf8 32. Re2 Bd3 0-1


[Site "https://www.chess.com"]

[Event "Titled Tuesday Blitz July 18 Late 2023"]
[White "Sainz Aguirre, Ignacio"]
[Black "Liu, Casper"]
[WhiteFideId "5101727"]
[BlackFideId "1454153"]
[WhiteElo "1969"]
[BlackElo "2417"]
[Result "0-1"]
[Round "9"]
[TimeControl "180+2"]
[Date "2023.07.18"]
[WhiteClock "0:00:00"]
[BlackClock "0:00:49"]
[Board "120"]

1. e4 c5 2. Nf3 d6 3. Bb5+ Bd7 4. Bxd7+ Qxd7 5. O-O g5 6. Nxg5 Nf6 7. Qf3 Rg8 8. d3 Nc6 9. Qe2 Nd4 10. Qd1 h6 11. c3 Nc6 12. Nf3 Qh3 13. Ne1 Ne5 14. f4 Nc6 15. Qe2 O-O-O 16. Na3 Qh4 17. Nf3 Qg4 18. Nc4 d5 19. Ne3 Qg7 20. e5 Ng4 21. Nxg4 Qxg4 22. a3 f6 23. b4 fxe5 24. b5 Na5 25. fxe5 e6 26. Be3 d4 27. cxd4 cxd4 28. Rac1+ Kb8 29. Bd2 Nb3 30. Rc2 Nc5 31. Rfc1 Nxd3 32. Rb1 Bc5 33. a4 Nf4 34. Qf1 Nxg2 35. Kh1 Bb6 36. Bb4 d3 37. Rxg2 Qe4 38. Bd6+ Ka8 0-1


[Site "https://www.chess.com"]

[Event "Titled Tuesday Blitz July 18 Late 2023"]
[White "Bongo Akanga Ndjila, Barthelemy"]
[Black "Hilary46"]
[WhiteFideId "10609431"]
[WhiteElo "2060"]
[BlackElo "2679"]
[Result "0-1"]
[Round "9"]
[TimeControl "180+2"]
[Date "2023.07.18"]
[WhiteClock "0:01:27"]
[BlackClock "0:01:35"]
[Board "121"]

1. d4 d5 2. c4 c6 3. Nc3 Nf6 4. Nf3 e6 5. e3 Nbd7 6. Qc2 Bd6 7. g4 Bb4 8. Rg1 O-O 9. Bd3 dxc4 10. Bxc4 b6 11. Bd3 g6 12. e4 Bb7 13. Bh6 Re8 14. Bg5 Be7 15. O-O-O Rc8 16. Kb1 c5 17. dxc5 Nxc5 18. Bb5 Qc7 19. Bxe8 Rxe8 20. Qc1 Nfxe4 21. Nxe4 Bxe4+ 22. Ka1 Bxf3 23. Bf4 e5 24. Bg3 Bxd1 25. Rxd1 Bf6 26. b4 Qc6 27. bxc5 e4+ 28. Kb1 bxc5 29. Kc2 Qa4+ 30. Kd2 Bg5+ 31. f4 exf3+ 32. Kd3 0-1


[Site "https://www.chess.com"]

[Event "Titled Tuesday Blitz July 18 Late 2023"]
[White "Rasulov, Vugar"]
[Black "Matlakov, Maxim"]
[WhiteFideId "13402390"]
[BlackFideId "4168003"]
[WhiteElo "2894"]
[BlackElo "2984"]
[Result "1/2-1/2"]
[Round "10"]
[TimeControl "180+2"]
[Date "2023.07.18"]
[WhiteClock "0:00:10"]
[BlackClock "0:00:11"]
[Board "2"]

1. Nf3 d5 2. c4 e6 3. g3 Nf6 4. Bg2 Be7 5. O-O O-O 6. b3 b6 7. cxd5 Nxd5 8. Bb2 Bb7 9. d4 Nd7 10. Nc3 Nxc3 11. Bxc3 c5 12. Rc1 Rc8 13. h4 Nf6 14. Bb2 cxd4 15. Qxd4 Bd5 16. Ne5 Bc5 17. Qd3 Qe7 18. Bxd5 Nxd5 19. e4 Nf6 20. Qf3 Qb7 21. Ng4 Nxg4 22. Qxg4 f5 23. exf5 Rxf5 24. b4 Bf8 25. Rxc8 Qxc8 26. Qe4 Qd7 27. Re1 Qd5 28. a3 Qxe4 29. Rxe4 Kf7 30. Rc4 Bd6 31. Rc6 Rd5 32. Rc8 Rd2 33. Bc1 Ra2 34. Kg2 Ra1 35. h5 Be5 36. b5 h6 37. Kf3 Kf6 38. Ke4 Rb1 39. f4 Ba1 40. Rc7 Rxb5 41. g4 g5 42. Rh7 Rb1 43. Be3 gxf4 44. Rxh6+ Kg7 45. Rg6+ Kh7 46. Bxf4 Re1+ 47. Kd3 e5 48. Bd2 e4+ 49. Kc2 Rg1 50. g5 Bd4 51. Rd6 e3 52. Rxd4 exd2 53. Rd7+ Kh8 54. Kxd2 Rxg5 55. Rxa7 Rxh5 56. Kc3 Kg8 57. Kb4 Kf8 58. Rb7 Ke8 59. Rxb6 Kd7 60. a4 Kc7 61. Rg6 Kb7 62. Rg4 Ka7 63. a5 Ka6 64. Rg6+ Ka7 65. Ka4 Rh4+ 66. Kb5 Rh5+ 67. Kb4 Rh4+ 68. Kb5 Rh5+ 69. Kb4 Rh4+ 70. Kb5 1/2-1/2


[Site "https://www.chess.com"]

[Event "Titled Tuesday Blitz July 18 Late 2023"]
[White "Antipov, Mikhail Al."]
[Black "Kramnik, Vladimir"]
[WhiteFideId "4107012"]
[BlackFideId "4101588"]
[WhiteElo "2945"]
[BlackElo "2983"]
[Result "0-1"]
[Round "10"]
[TimeControl "180+2"]
[Date "2023.07.18"]
[WhiteClock "0:00:00"]
[BlackClock "0:01:06"]
[Board "3"]

1. e4 c5 2. Nf3 e6 3. b3 a6 4. Bb2 d5 5. exd5 exd5 6. Qe2+ Be6 7. g3 Nc6 8. d3 Nh6 9. Bh3 Qe7 10. Bxe6 Qxe6 11. Qxe6+ fxe6 12. Nc3 Nf5 13. O-O-O Be7 14. Rhe1 Kf7 15. Ne2 Rhe8 16. Nf4 Bf6 17. Ne5+ Bxe5 18. Bxe5 g5 19. Nh3 h6 20. Ng1 Rf8 21. Bb2 Rae8 22. Rd2 Kg6 23. Kd1 Nfd4 24. Re3 g4 25. c3 Nf3 26. Nxf3 Rxf3 27. Rde2 e5 28. Rxf3 gxf3 29. Re3 e4 30. c4 Nb4 31. dxe4 dxe4 32. Ba3 Nd3 33. Rxd3 exd3 34. Bxc5 Re2 0-1


[Site "https://www.chess.com"]

[Event "Titled Tuesday Blitz July 18 Late 2023"]
[White "Martinez Alcantara, Jose Eduardo"]
[Black "He, Anthony"]
[WhiteFideId "3805662"]
[BlackFideId "2088215"]
[WhiteElo "3058"]
[BlackElo "2976"]
[Result "1-0"]
[Round "10"]
[TimeControl "180+2"]
[Date "2023.07.18"]
[WhiteClock "0:00:26"]
[BlackClock "0:00:26"]
[Board "5"]

1. e4 c6 2. d4 d5 3. e5 c5 4. dxc5 e6 5. c3 Nc6 6. Nf3 Bxc5 7. Bd3 Nge7 8. O-O Qc7 9. Qe2 a6 10. Bf4 Bd7 11. Bg3 Ba7 12. Nbd2 Ng6 13. Rac1 O-O 14. h4 f6 15. Bxg6 hxg6 16. c4 fxe5 17. cxd5 exd5 18. Nxe5 Rae8 19. Ndf3 Bg4 20. Nxc6 Qxg3 21. Nxa7 Bxf3 22. Qxf3 Qxf3 23. gxf3 Rxf3 24. Rc8 Rff8 25. Rfc1 Kh7 26. Rxe8 Rxe8 27. Rc2 Re4 28. Nc8 Rxh4 29. Rd2 d4 30. Nd6 b5 31. Nb7 g5 32. Nc5 Kg6 33. Nb3 Kf5 34. Nxd4+ Ke4 35. Ne6 g4 36. Kg2 g6 37. Nc5+ Ke5 38. Nxa6 Rh7 39. Nc5 1-0


[Site "https://www.chess.com"]

[Event "Titled Tuesday Blitz July 18 Late 2023"]
[White "Svane, Frederik"]
[Black "Bortnyk, Olexandr"]
[WhiteFideId "12923044"]
[BlackFideId "14120828"]
[WhiteElo "2976"]
[BlackElo "3030"]
[Result "0-1"]
[Round "10"]
[TimeControl "180+2"]
[Date "2023.07.18"]
[WhiteClock "0:00:16"]
[BlackClock "0:00:25"]
[Board "6"]

1. c4 b6 2. Nc3 Bb7 3. e4 e5 4. Nf3 Nc6 5. a3 a5 6. Be2 Bc5 7. Nxe5 Nxe5 8. d4 Bd6 9. O-O Ng6 10. f4 c5 11. e5 cxd4 12. exd6 dxc3 13. Qd4 Qf6 14. Qxb6 Bc6 15. Be3 Qxd6 16. Rae1 N8e7 17. f5 Ne5 18. Bc5 Qf6 19. Qc7 O-O 20. Bh5 Qg5 21. Re2 Qxh5 22. Qxe5 f6 23. Qxe7 Rfe8 24. bxc3 Qxe2 0-1


[Site "https://www.chess.com"]

[Event "Titled Tuesday Blitz July 18 Late 2023"]
[White "Hakobyan, Aram"]
[Black "Paravyan, David"]
[WhiteFideId "13306677"]
[BlackFideId "4194985"]
[WhiteElo "2969"]
[BlackElo "3022"]
[Result "0-1"]
[Round "10"]
[TimeControl "180+2"]
[Date "2023.07.18"]
[WhiteClock "0:00:00"]
[BlackClock "0:00:37"]
[Board "7"]

1. e4 e5 2. Nf3 Nf6 3. Nc3 Nc6 4. Nd5 Bc5 5. c3 Nxe4 6. d4 exd4 7. Bd3 Nf6 8. Qe2+ Kf8 9. Nxf6 Qxf6 10. b4 Bd6 11. b5 Ne5 12. Nxd4 Nxd3+ 13. Qxd3 Qe5+ 14. Kd1 b6 15. Re1 Qh5+ 16. f3 Qg6 17. Nf5 Bb7 18. Re2 h5 19. Kc2 h4 20. Nxd6 Qxd3+ 21. Kxd3 cxd6 22. Bf4 h3 23. Bxd6+ Kg8 24. g3 Rh5 25. c4 Bxf3 26. Re7 Bg4 27. Re5 Rxe5 28. Bxe5 Be6 29. Rc1 a6 30. c5 axb5 31. cxb6 Bd5 32. Kd4 Bg2 33. Rc7 Rxa2 34. g4 f6 35. Bg3 Ra4+ 36. Ke3 Rxg4 37. Kf2 f5 38. Bd6 Rd4 39. Be5 Rd2+ 40. Ke3 Rd5 41. Kf4 g5+ 42. Kxf5 d6 43. b7 Rxe5+ 44. Kg6 Be4+ 45. Kf6 Bxb7 46. Rxb7 g4 47. Kg6 Kf8 48. Kf6 Ke8 49. Rg7 Re4 50. Kf5 d5 51. Rb7 b4 52. Kf6 g3 53. hxg3 Re1 54. Rh7 b3 0-1


[Site "https://www.chess.com"]

[Event "Titled Tuesday Blitz July 18 Late 2023"]
[White "Van Foreest, Jorden"]
[Black "Andreikin, Dmitry"]
[WhiteFideId "1039784"]
[BlackFideId "4158814"]
[WhiteElo "2952"]
[BlackElo "2999"]
[Result "0-1"]
[Round "10"]
[TimeControl "180+2"]
[Date "2023.07.18"]
[WhiteClock "0:00:29"]
[BlackClock "0:02:20"]
[Board "8"]

1. d4 Nf6 2. Nf3 e6 3. Bf4 b6 4. e3 Bb7 5. Nbd2 Nh5 6. Bg5 Be7 7. Bxe7 Qxe7 8. Bd3 d6 9. Qe2 a6 10. h4 Nd7 11. g4 Nhf6 12. g5 Nd5 13. a3 c5 14. O-O-O b5 15. dxc5 Nxc5 16. Kb1 b4 17. Nc4 bxa3 18. Nxa3 Qc7 19. Rhg1 Na4 20. Qd2 Ndc3+ 21. bxc3 Bxf3 22. Rc1 Nxc3+ 0-1


[Site "https://www.chess.com"]